 Dungeon Crawl Stone Soup version 0.29.1-12-g30fa7ad0bf (webtiles) character file.

Game seed: 11445370072418201581

4420 wormed the Grappler (level 10, 0/94 (96) HPs)
             Began as a Troll Gladiator on Dec 24, 2022.
             Was an Initiate of Ru.
             Killed by vampiric draining
             ... invoked by a vampire
              (17 damage)
             ... on level 8 of the Dungeon.
             The game lasted 00:17:31 (7692 turns).

wormed the Grappler (Troll Gladiator)               Turns: 7692, Time: 00:17:32

HP:   0/94 (96)     AC:  6    Str: 28    XL:     10   Next: 14%
MP:   9/9           EV:  8    Int:  4    God:    Ru [......]
Gold: 528           SH: 13    Dex: 11    Spells: 9/9 levels left

rFire   + . .      SeeInvis .     - Unarmed
rCold   . . .      Faith    .   g - +0 tower shield
rNeg    . . .      Spirit   .   s - +1 robe {rF+}
rPois   .          Reflect  .   b - +0 hat
rElec   .          Harm     .   F - +0 cloak
rCorr   .          Rampage  .   (gloves unavailable)
Will    .....                   (boots unavailable)
Stlth   +.........              G - amulet of Vitality {RegenMP++ Regen++}
HPRegen 2.65/turn               (no ring)
MPRegen 0.91/turn               (no ring)

@: studying Ranged Weapons, lightly drained
A: large, unfitting armour, claws 3, regeneration 1, shaggy fur 1, tough skin 1
a: Renounce Religion


You were on level 8 of the Dungeon.
You worshipped Ru.
Ru was noncommittal.
You visited 2 branches of the dungeon, and saw 9 of its levels.
You also visited: Sewer.

You collected 528 gold pieces.

Inventory:

Missiles
 c - 4 throwing nets
 d - a large rock (quivered)
 k - 9 poisoned darts
Armour
 b - a +0 hat (worn)
 g - a +0 tower shield (worn)
 s - a +1 robe of fire resistance (worn)
 F - a +0 cloak (worn)
Jewellery
 n - a ring of magical power
 o - an amulet of the acrobat
 G - the amulet of Vitality (around neck) {RegenMP++ Regen++}
   (You found it on level 7 of the Dungeon)

   [amulet of magic regeneration]

   It increases your rate of magic regeneration.
   Regen:     It increases your rate of health regeneration.
Wands
 B - a wand of polymorph (19)
 C - a wand of flame (56)
 H - a wand of charming (6)
Scrolls
 a - a scroll of identify
 i - a scroll of poison
 l - 7 scrolls of teleportation
 q - a scroll of immolation {unknown}
 u - a scroll of silence {unknown}
 v - a scroll of vulnerability {unknown}
 w - a scroll of enchant armour {unknown}
 y - a scroll of noise {unknown}
 z - a scroll of fear
 D - a scroll of enchant weapon {unknown}
Potions
 e - 7 potions of degeneration
 f - 2 potions of attraction
 h - 3 potions of curing
 j - 3 potions of brilliance
 m - a potion of haste
 p - 2 potions of magic
 r - a potion of cancellation
 t - a potion of mutation
 x - a potion of resistance
 A - a potion of lignification
 E - a potion of flight
 I - a potion of might {unknown}


   Skills:
 + Level 5.0 Fighting
 + Level 5.5 Throwing
 + Level 5.4 Dodging
 * Level 6.5 Shields
 * Level 8.7 Unarmed Combat


You had 9 spell levels left.
You didn't know any spells.
Your spell library contained the following spells:

 Spells                   Type           Power      Damage    Failure   Level
 Beastly Appendage        Tmut           0%         N/A       97%         1
 Magic Dart               Conj           0%         1d3       97%         1
 Sting                    Tmut/Pois      0%         1d3       97%         1
 Poisonous Vapours        Pois/Air       0%         N/A       99%         2
 Searing Ray              Conj           0%         2d4       99%         2
 Wereblood                Tmut           0%         N/A       99%         2
 Call Canine Familiar     Summ           0%         N/A       100%        3
 Portal Projectile        Hex/Tloc       0%         N/A       100%        3
 Spider Form              Tmut/Pois      0%         N/A       100%        3
 Fulminant Prism          Conj/Hex       0%         3d6       100%        4
 Leda's Liquefaction      Hex/Erth       0%         N/A       100%        4
 Olgreb's Toxic Radiance  Pois           0%         N/A       100%        4


Dungeon Overview and Level Annotations

Branches:
Dungeon (8/15)             Temple (1/1) D:7           Sewer (visited)
   Lair: D:8-11

Altars:
Cheibriados
Dithmenos
Elyvilon
Fedhas
Gozag
Hepliaklqana
Kikubaaqudgha
Makhleb
Nemelex Xobeh
Okawaru
Qazlal
Ru
Sif Muna
Uskayaw
Vehumet
Wu Jian
Xom
Yredelemnul
Zin
The Shining One
Lugonu

Annotations:
D:7 1 transporter


Innate Abilities, Weirdness & Mutations

You are too large for most types of armour.
You have claws for hands.
Your natural rate of healing is unusually fast.
You are covered in fur. (AC +1)
You have tough skin. (AC +1)


Message History

Something bites you.
Something draws strength from your injuries!
You scratch something but do no damage. Something hits you.
You block something's attack.
You miss something. Something hits you! Something bites you!
Something draws strength from your injuries!
You miss something. Something hits you! Something bites you.
Something draws strength from your injuries!
You mangle something!! Something hits you. Something bites you.
Something draws strength from your injuries!
You scratch something but do no damage. Something hits you!
Something bites you but does no damage.
You miss something. Something hits you! Something bites you.
* * * LOW HITPOINT WARNING * * *
Something draws strength from your injuries!
You barely miss something. Something hits you but does no damage.
Something bites you!
* * * LOW HITPOINT WARNING * * *
Something draws strength from your injuries!
You closely miss something. You block something's attack. Something bites you.
* * * LOW HITPOINT WARNING * * *
Something draws strength from your injuries!
Something hits you!
* * * LOW HITPOINT WARNING * * *
Something bites you.
* * * LOW HITPOINT WARNING * * *
Something draws strength from your injuries!
You feel better. Something hits you.
* * * LOW HITPOINT WARNING * * *
You block something's attack.
You feel better. Something hits you!
* * * LOW HITPOINT WARNING * * *
You block something's attack.
You barely miss something. Something hits you!
* * * LOW HITPOINT WARNING * * *
Something bites you.
* * * LOW HITPOINT WARNING * * *
Something draws strength from your injuries!
You claw something! Something draws life force from you!
You die...

..........##### #)#
..........# #)#
..........# #####.###
.........## #.......#
.....#####..
#.##..#.# ###.## #...
#.##.##.# #.# #....
#.##.# # #.#
#.....##....# ##.##
#.....{@....# ##...##
########.......#
#.....# ###..####
#....)####### #..#
#....)......## #..#
##...........# #..#
#### ###
##.#.##)....######..#
#.. ..#
#.#.##)))....... ..#
#.# #.#
###..........#####
###.####.#


There were no monsters in sight!

Vanquished Creatures
  A two-headed ogre (D:8)
  Pikel (D:7)
  A wyvern (D:8)
  6 yaks (D:6)
  A water moccasin (Sewer)
  A black bear (D:5)
  A sky beast (D:7)
  An orc warrior (D:7)
  An ogre (D:6)
  A centaur (D:7)
  A lemure (D:7)
  A kobold brigand (D:7)
  3 bullfrogs
  6 scorpions
  4 wights (D:8)
  A howler monkey (D:5)
  Crazy Yiuf (D:7)
  A hound (D:5)
  2 jellies
  3 orc priests
  4 iguanas
  10 orc wizards
  12 gnolls
  8 adders
  4 shadow imps
  2 white imps
  2 ufetubi
  3 worms (D:2)
  2 dart slugs
  22 orcs
  6 endoplasms
  5 giant cockroaches
  6 goblins
  16 hobgoblins
  6 jackals
  3 quokkas
  9 ball pythons
  11 bats
  6 frilled lizards
  12 kobolds
  4 rats
191 creatures vanquished.

Vanquished Creatures (others)
  A demonic plant (D:8)
1 creature vanquished.

Grand Total: 192 creatures vanquished

Notes
Turn   | Place    | Note
-------+----------+-------------------------------------------
     0 | D:1      | wormed the Troll Gladiator began the quest for the Orb.
     0 | D:1      | Reached XP level 1. HP: 19/19 MP: 0/0
   123 | D:1      | Reached XP level 2. HP: 28/28 MP: 1/1
   393 | D:1      | Reached XP level 3. HP: 6/35 MP: 2/2
   905 | D:2      | Reached XP level 4. HP: 37/42 MP: 3/3
  1084 | D:2      | Found a faded altar of an unknown god.
  1207 | D:3      | Reached skill level 4 in Unarmed Combat
  1346 | D:3      | Found a basalt altar of Yredelemnul.
  1789 | D:3      | Identified a scroll of acquirement
  1790 | D:3      | Acquired a manual of Ranged Weapons
  1812 | D:4      | Found a glowing drain.
  1830 | Sewer    | Entered a sewer
  1847 | Sewer    | Reached XP level 5. HP: 49/49 MP: 4/4
  1873 | Sewer    | Noticed a water moccasin
  1887 | Sewer    | Killed a water moccasin
  2004 | D:4      | Reached XP level 6. HP: 33/59 MP: 5/5
  2191 | D:4      | Reached skill level 1 in Shields
  2191 | D:4      | Reached skill level 5 in Unarmed Combat
  2893 | D:4      | Reached XP level 7. HP: 57/67 MP: 6/6
  3205 | D:5      | Entered Level 5 of the Dungeon
  3409 | D:5      | Reached skill level 6 in Unarmed Combat
  3646 | D:5      | Reached XP level 8. HP: 75/75 MP: 7/7
  3828 | D:5      | Found a shadowy altar of Dithmenos.
  4425 | D:6      | Reached skill level 7 in Unarmed Combat
  4535 | D:6      | Reached XP level 9. HP: 56/84 MP: 8/8
  5440 | D:7      | Reached skill level 5 in Shields
  5479 | D:7      | Found a staircase to the Ecumenical Temple.
  5531 | D:7      | Noticed a white ugly thing
  5532 | D:7      | Noticed a cyan ugly thing
  5533 | D:7      | Noticed a cyan ugly thing
  5534 | D:7      | Found a corrupted altar of Lugonu.
  5535 | D:7      | Found the amulet of Vitality {RegenMP++ Regen++}
  5795 | D:7      | Found a transporter.
  5800 | D:7      | Found a transporter.
  6135 | D:7      | Noticed Pikel
  6149 | D:7      | Reached skill level 5 in Throwing
  6161 | D:7      | Killed Pikel
  6162 | D:7      | Reached skill level 5 in Dodging
  6162 | D:7      | Reached skill level 8 in Unarmed Combat
  6208 | D:7      | Found a glowing silver altar of Zin.
  6237 | D:7      | Found a hide-covered altar of Uskayaw.
  6455 | D:7      | Found a runed translucent door.
  6456 | D:7      | Noticed Crazy Yiuf
  6485 | D:7      | Killed Crazy Yiuf
  6633 | Temple   | Entered the Ecumenical Temple
  6778 | Temple   | Became a worshipper of Ru the Awakened
  7576 | D:8      | Noticed a two-headed ogre
  7583 | D:8      | Killed a two-headed ogre
  7584 | D:8      | Reached skill level 5 in Fighting
  7584 | D:8      | Reached XP level 10. HP: 61/96 MP: 9/9
  7692 | D:8      | Killed from afar by a vampire

Illustrated notes

Levels and vault maps discovered:
D:1:      roderic_dead_forest, layout_basic
D:2:      layout_rooms, shapermc_ecumenical_altar_totnotflames
D:3:      layout_loops_cross, mainiacjoe_overflow_alcove_4
D:4:      layout_layer_cave, cheibrodos_sewer_entry_drain,
          grunt_decor_mini_mirrors, st_stairs_2
D:5:      cheibrodos_quashed, layout_cave_pools, nicolae_dithmenos_the_darkroom,
          minmay_misc_feat_alley
D:6:      layout_layer_cave, grunt_ministairs_6,
          minmay_fractal_squares_gapless_5
D:7:      gammafunk_corrupted_shrine, layout_basic,
          mainiacjoe_overflow_two_lobes, minmay_temple_entry_overgrown,
          uniq_crazy_yiuf_cottage, uniq_pikel
D:8:      layout_loops_cross, serial_demonic, serial_demonic_e,
          serial_demonic_a, serial_demonic_c, serial_demonic_f, serial_demonic_c
Temple:   nicolae_temple_superstar

Skill      XL: |  1  2  3  4  5  6  7  8  9 |
---------------+----------------------------+-----
Throwing       | 2 3 4 5 |  5.5
Fighting       | 2 3 4 5 |  5.0
Unarmed Combat | 4 5 6 7 8 |  8.7
Dodging        | 3 4 5 |  5.4
Shields        | 2 3 4 6 |  6.5

Action                   |  1- 3 |  4- 6 |  7- 9 | 10-12 || total
-------------------------+-------+-------+-------+-------++-------
Melee: Unarmed           |   143 |   159 |   316 |    29 ||   647
       Punch             |     2 |     1 |    16 |       ||    19
Throw: Large rock        |       |     1 |       |       ||     1
  Use: Scroll            |       |    10 |     8 |       ||    18
       Potion            |       |     2 |     3 |     2 ||     7
 Stab: Sleeping          |     1 |       |       |       ||     1
Armor: Robe              |    57 |    32 |    61 |    10 ||   160
Dodge: Dodged            |   110 |    77 |   153 |     4 ||   344
Block: Tower shield      |       |       |       |    11 ||    11
